cohdb
Replays
Latest Replays
All Replays
Popular Replays
Top Player Replays
Match Explorer
How It Works
Community
CoH3 Stats
Reddit
Sign in to upload your games and track your stats! →
Sign in with Steam
Match 44535407
Unlisted
Match 44535407
Overview
Messages
Build Orders
End
Pioneer Squad
Construct Infanterie Kompanie
Kettenkrad Recon Vehicle
MG 42 Machine Gun Team
MG 42 Machine Gun Team
Medical Station
Construct Panzergrenadier Kompanie
Panzergrenadier Squad
Support Elements
Nebelwerfer 42 Rocket Launcher Team
Selects Luftwaffe Battlegroup
Nebelwerfer 42 Rocket Launcher Team
Panzergrenadier Officer Quarters
Selects Reconnaissance Run
Reconnaissance Run
Pak 40 Anti-tank Gun Team
Panzergrenadier Squad
Reconnaissance Run
Panzergrenadier Squad
Reconnaissance Run
Hazard
凶手就在我们中间!
wl_kaelthas
Jarkke
[SDC] McOmghall
Nozshand
Ceruman
gihof NAFO
0
0
Comments
sign in to comment!
No comments posted yet!